Map: Мосты РВ (LotV)

Players

StarKiller - Winner!

  • Race: Terran Terran
  • League: Platinum

INnoVation

  • Race: Terran Terran
  • League: Platinum

VOD

Have the link to the VOD?

Description

Time

  • Played on: July 29, 2015, 3:05 p.m.
  • Length: 9:37
Show
View Real Time Build Order
Export as new Build Order

StarKiller Terran - Winner!

Build Orders:  

Get SALT Encoding   

  12  0:01  SCV  
  13  0:13  SCV  
  14  0:17  Supply Depot  
  14  0:25  SCV  
  15  0:39  SCV  
  16  0:43  Barracks  
  16  0:47  Refinery  
  16  0:51  SCV  
  17  1:03  SCV  
  18  1:16  SCV  
  19  1:30  Orbital Command  
  19  1:31  Marine  
  20  1:38  Supply Depot  
  20  1:49  Marine  
  21  1:57  SCV, Factory  
  21  2:00  Refinery  
  22  2:08  Marine  
  23  2:11  SCV  
  24  2:15  Supply Depot  
  24  2:24  SCV  
  25  2:31  Marine  
  27  2:37  SCV  
  27  2:44  Factory Tech Lab  
  27  2:46  Starport  
  27  2:49  SCV  
  28  2:52  Engineering Bay  
  28  2:54  Marine  
  29  3:01  SCV  
  29  3:04  Siege Tank  
  33  3:14  Marine  
  33  3:16  SCV  
  35  3:23  Medivac  
  35  3:26  Missile Turret  
  37  3:30  SCV  
  37  3:33  Supply Depot  
  38  3:35  Command Center  
  38  3:47  SCV  
  39  3:55  Siege Tank  
  42  3:56  Supply Depot  
  42  3:58  Marine  
  43  4:03  Viking  
  43  4:04  SCV  
  46  4:16  SCV  
  46  4:26  Marine, Refinery  
  46  4:28  Refinery  
  47  4:38  Medivac, Siege Tank  
  47  4:40  SCV  
  50  4:56  Marine  
  46  5:15  Marine  
  46  5:16  Siege Tank  
  46  5:17  SCV  
  53  5:32  SCV  
  52  5:35  Starport Tech Lab  
  52  5:37  Command Center  
  52  5:44  Marine  
  52  5:47  Missile Turret  
  53  5:53  SCV  
  49  6:00  Raven  
  49  6:01  Siege Tank  
  54  6:05  SCV, Orbital Command  
  54  6:10  Marine  
  56  6:21  SCV  
  57  6:32  Factory  
  57  6:36  SCV x2  
  57  6:39  Refinery  
  59  6:41  Siege Tank  
  62  6:48  SCV x2  
  61  7:04  Banshee  
  61  7:05  SCV  
  61  7:06  SCV  
  59  7:22  Marine, Siege Tank  
  62  7:23  SCV x2  
  62  7:27  Orbital Command  
  58  7:35  SCV x2  
  59  7:50  SCV x2  
  61  7:52  Missile Turret  
  61  7:56  SCV  
  61  7:57  Cloaking Field  
  61  7:58  Banshee  
  65  8:02  SCV x2  
  67  8:08  Siege Tank  
  67  8:09  Marine, Factory Tech Lab  
  71  8:15  SCV x2  
  71  8:33  Orbital Command  
  67  9:04  Siege Tank  
  70  9:16  Marine  
  71  9:17  SCV x2  
  71  9:18  SCV  
Show
View Real Time Build Order
Export as new Build Order

INnoVation Terran 

Build Orders: 1/1/1, Banshee Rush 

Get SALT Encoding   

  12  0:01  SCV  
  13  0:13  SCV  
  14  0:17  Supply Depot  
  14  0:25  SCV  
  15  0:30  Refinery  
  15  0:39  SCV  
  16  0:45  Barracks  
  16  0:51  SCV  
  17  1:03  SCV  
  18  1:15  SCV  
  19  1:27  SCV  
  20  1:33  Marine, Refinery  
  20  1:37  Factory  
  20  1:39  Supply Depot  
  21  1:43  Orbital Command  
  21  1:51  Marine  
  22  2:09  Marine  
  22  2:11  SCV  
  24  2:22  Factory Tech Lab, Starport  
  24  2:25  SCV  
  24  2:26  Marine  
  26  2:30  Supply Depot  
  26  2:37  SCV  
  27  2:55  Marine, Factory Tech Lab  
  27  2:57  SCV  
  29  3:04  Cloaking Field, Banshee  
  32  3:10  Supply Depot  
  32  3:14  Siege Tank  
  32  3:18  Supply Depot  
  35  3:20  SCV  
  36  3:28  Barracks Reactor  
  36  3:35  SCV  
  37  3:41  Command Center  
  37  3:50  Medivac  
  37  3:51  SCV  
  37  3:53  Supply Depot  
  40  4:04  Engineering Bay  
  40  4:06  Marine x2  
  42  4:11  Siege Tank  
  42  4:13  SCV  
  46  4:43  SCV  
  46  4:44  Siege Tank  
  50  4:55  SCV  
  54  5:06  Marine x2  
  56  5:07  Viking  
  52  5:16  Orbital Command  
  52  5:17  Missile Turret  
  52  5:20  SCV  
  52  5:32  SCV  
  52  5:34  Marine x2, Siege Tank  
  58  5:44  SCV, Barracks x2  
  59  5:51  Marine  
  60  6:01  SCV  
  60  6:02  SCV  
  62  6:06  Marine  
  62  6:07  Siege Tank  
  66  6:13  SCV  
  66  6:15  Starport Reactor  
  66  6:17  SCV  
  68  6:19  Missile Turret  
  68  6:23  Terran Infantry Weapons Level 1  
  68  6:25  SCV  
  69  6:28  Factory  
  69  6:31  SCV  
  70  6:36  Marine, Refinery  
  70  6:37  SCV, Barracks Tech Lab  
  70  6:39  Barracks Tech Lab  
  72  6:50  Siege Tank  
  72  6:51  Marine  
  72  6:52  SCV  
  72  6:54  Marine, Barracks  
  77  6:55  Barracks  
  76  7:09  Marine x2  
  74  7:28  Supply Depot  
  74  7:29  Supply Depot  
  73  7:33  Supply Depot  
  72  7:49  Marine, Combat Shields  
  70  7:53  Barracks Reactor  
  70  7:56  Supply Depot x2  
  70  7:57  Supply Depot, Medivac  
  72  8:07  Marine  
  73  8:15  Command Center  
  72  8:23  SCV x2  
  72  8:26  Marine x3, Refinery  
  70  8:43  Marine  
  70  8:44  Marine x2  
  68  9:01  Marine  
  59  9:04  Marine x2  
  61  9:19  Marine  
Tags
 
Add a new tag
Caveats
  • Supply blocks, unpowered buildings, or Contaminate may cause inaccurate times.
  • Supply counts are checked every 10 seconds.